 Dungeon Crawl Stone Soup version 0.31-a0-166-g46f44d267d (webtiles) character file.

Game seed: 9335925112278650238

4413 qw the Cleaver (level 10, -1/44 HPs)
             Began as a Gargoyle Fighter on June 13, 2023.
             Was a Believer of Okawaru.
             Slain by an ancient zyme (9 damage)
             ... on level 1 of the Abyss.
             The game lasted 00:03:40 (7750 turns).

qw the Cleaver (Gargoyle Fighter)                   Turns: 7750, Time: 00:03:40

Health: -1/44      AC: 34    Str: 19 (20) XL:     10   Next: 36%
Magic:  11/13      EV: 12    Int:  5      God:    Okawaru [**....]
Gold:   116        SH:  6    Dex:  9      Spells: 9/9 levels left

rFire   . . .        g - +1 war axe (protect)
rCold   . . .        c - +0 buckler
rNeg    + . .        u - +0 plate armour
rPois   inf          m - +0 helmet
rElec   +            (no cloak)
rCorr   .            k - +2 pair of gloves {hurl}
SInv    +            (no boots)
Will    .....        (no amulet) Stlth
                     q - +5 ring of evasion
HPRegen 0.27/turn    n - ring of see invisible
MPRegen 0.13/turn

%: no passive effects
@: heroic, under a protective aura
A: sickness immunity, AC +7, negative energy resistance 1, electricity
resistance, torment resistance 1, petrification resistance, [deterioration 2],
[dopey 2], [frail 3], [weak 2]
a: Renounce Religion, Heroism


You were on level 1 of the Abyss.
You worshipped Okawaru.
Okawaru was pleased with you.
You visited 2 branches of the dungeon, and saw 10 of its levels.
You visited the Abyss 1 time.

You collected 476 gold pieces.
You spent 360 gold pieces at shops.


Innate Abilities, Weirdness & Mutations

You are immune to sickness and miasma.
Your stone body is resilient. (AC +7)
You are immune to poison.
You resist negative energy. (rN+)
You are resistant to electric shocks. (rElec)
You are resistant to unholy torment.
You are immune to petrification.
[Your body often deteriorates upon taking damage.]
[You are very dopey. (Int -4)]
[You are extremely frail. (-30% HP)]
[You are very weak. (Str -4)]


   Skills:
 - Level 8.0(13.0) Fighting
 - Level 10.0(15.0) Axes
 - Level 1.0(6.0) Throwing
 - Level 7.1(12.1) Armour
 - Level 1.0(6.0) Dodging
 + Level 4.7(9.7) Shields
 - Level 4.0 Invocations


You had 9 spell levels left.
You didn't know any spells.
Your spell library was empty.

Inventory:

Hand Weapons
 b - a +0 flail
 g - a +1 war axe of protection (weapon)
Missiles
 h - 5 boomerangs (quivered)
Armour
 c - a +0 buckler (worn)
 k - a +2 pair of gloves of hurling (worn)
 m - a +0 helmet (worn)
 u - a +0 plate armour (worn)
Jewellery
 f - a ring of fire
 n - a ring of see invisible (right hand)
 q - a +5 ring of evasion (left hand)
 t - a ring of ice
 Y - a ring of protection from cold
Wands
 v - a wand of digging (3)
Scrolls
 i - a scroll of identify
 l - a scroll of silence {unknown}
Potions
 a - a potion of lignification
 d - 3 potions of might
 e - 2 potions of curing
 j - a potion of magic
 o - a potion of haste
 p - a potion of enlightenment {unknown}
 r - a potion of berserk rage {unknown}
 s - a potion of mutation

Dungeon Overview and Level Annotations

Branches:
Dungeon (9/15)             Temple (1/1) D:4
   Lair: D:8-11         Orc: D:9-12

Altars:
Ashenzari
Cheibriados
Dithmenos
Elyvilon
Fedhas
Gozag
Hepliaklqana
Kikubaaqudgha
Makhleb
Nemelex Xobeh
Okawaru
Qazlal
Ru
Sif Muna
Trog
Uskayaw
Vehumet
Wu Jian
Xom
Yredelemnul
Zin
The Shining One

Shops:
D:4 *   D:7 *

Portals:
Bailey: D:7

Annotations:
D:2 1 runed translucent door, Crazy Yiuf
D:5 2 transporters, qw's ghost, novice NaHu
D:8 2 transporters, qw's ghost, novice NaHu
D:9 Erolcha


Message History

You barely miss the ufetubus. You barely miss the ancient zyme.
The ufetubus barely misses you. x2
The large abomination hits you but does no damage.
The ancient zyme hits you but does no damage.
The ancient zyme hits you!
7746 ||| INVOKING Heroism.
You gain the combat prowess of a mighty hero.
You block the ufetubus's attack. x2
A raiju comes into view.
The large abomination hits you but does no damage.
The ufetubus hits you but does no damage.
The ufetubus closely misses you.
The ancient zyme hits you but does no damage. x2
You hit the large abomination but do no damage.
The large abomination is lightly damaged.
You barely miss the ancient zyme. You hit the ufetubus.
The ufetubus hits you but does no damage. x2
The large abomination barely misses you.
You slash the ufetubus!
You kill the ufetubus!
Okawaru accepts your kill.
You barely miss the large abomination.
You hit the ancient zyme but do no damage.
You block the ancient zyme's attack.
The ancient zyme hits you but does no damage.
The raiju bursts into living lightning!
The living lightning hits you. You resist.
The raiju blinks! x2
You slash the large abomination!
The large abomination is moderately damaged.
You hit the raiju. You hit the ancient zyme. The large abomination hits you!
Your body deteriorates!
You feel weakened.
The ancient zyme hits you but does no damage. x2
You hit the large abomination but do no damage.
The large abomination is moderately damaged.
You barely miss the ancient zyme. You hit the raiju.
The raiju bursts into living lightning!
The living lightning hits you but does no damage.
The raiju blinks!
The ancient zyme hits you!
You die...

.. .. .# #.
#.. #...
..### ##
#... # .#.##
# #..
...##..
#...##.##.##
#.x@X# #.#
#..h#...#
#.#.ยค.##..#
#.#.#...# #
##...##.#
..... ..#
.#.#.# ....
. .. # ##.
.#.# #


You could see an ancient zyme, a large abomination and a raiju.

Vanquished Creatures
  A wretched star (Abyss:1)
  Prince Ribbit (D:6)
  Sigmund (D:3)
  6 yaks (D:8)
  A wraith (D:8)
  A chaos spawn (Abyss:1)
  A steam dragon (D:8)
  A water moccasin (D:9)
  An orc warrior (D:6)
  A sky beast (D:7)
  A black bear (D:4)
  An ice beast (D:6)
  2 ogres
  2 centaurs
  A kobold brigand (D:9)
  2 bullfrogs
  An earth elemental (Abyss:1)
  4 scorpions
  3 wights (D:7)
  4 killer bees (D:8)
  2 jellies
  A quasit (Abyss:1)
  2 orc priests
  An iron imp (Abyss:1)
  5 iguanas
  6 orc wizards
  4 adders
  A white imp (D:7)
  2 ufetubi
  4 worms
  6 dart slugs
  21 orcs
  4 ball pythons
  A bat (D:1)
  2 bat zombies (D:9)
  7 endoplasms
  2 giant cockroaches
  7 goblins
  6 hobgoblins
  7 jackals
  4 quokkas
  4 frilled lizards
  12 kobolds
  9 rats
156 creatures vanquished.

Notes
Turn   | Place    | Note
-------+----------+-------------------------------------------
     0 | D:1      | qw the Gargoyle Fighter began the quest for the Orb.
     0 | D:1      | Reached XP level 1. HP: 14/14 MP: 1/1
     0 | D:1      | 0 ||| qw: Version: 0.2-a-29-gc1b59c4
     0 | D:1      | 0 ||| qw: Game counter: 4819
     0 | D:1      | 0 ||| qw: Always use a shield: true
     0 | D:1      | 0 ||| qw: God list: Okawaru
     0 | D:1      | 0 ||| qw: Allow faded altars: false
     0 | D:1      | 0 ||| qw: Do Orc after D:15 true
     0 | D:1      | 0 ||| qw: Do second Lair branch before Depths: true
     0 | D:1      | 0 ||| qw: Lair rune preference: random
     0 | D:1      | 0 ||| qw: Plans: Normal, Zot:1-4, Slime:5, God:TSO, Crypt,
                  | Tomb, Abyss, Pan, Hells, Win
     0 | D:1      | 0 ||| PLANNING D:1-11
    30 | D:1      | Reached skill level 2 in Axes
    66 | D:1      | Reached XP level 2. HP: 19/19 MP: 2/2
   353 | D:1      | 353 ||| Stepping ~*~*~tactically~*~*~ (stealth).
   382 | D:1      | Reached skill level 3 in Axes
   403 | D:1      | 403 ||| Stepping ~*~*~tactically~*~*~ (stealth).
   404 | D:1      | 404 ||| Stepping ~*~*~tactically~*~*~ (stealth).
   420 | D:1      | Reached XP level 3. HP: 15/23 MP: 3/3
   486 | D:1      | 486 ||| Stepping ~*~*~tactically~*~*~ (hiding).
   607 | D:1      | 607 ||| DROPPING +3 leather armour.
   608 | D:1      | 608 ||| UPGRADING to ring of protection from cold.
   609 | D:1      | 609 ||| READING 2 scrolls labelled PAPHEN FOMEGH.
   610 | D:1      | 610 ||| READING 2 scrolls labelled KADEAR SYATISI.
   611 | D:1      | 611 ||| READING scroll labelled EQIARO YZUFF.
   612 | D:1      | 612 ||| DRINKING 3 inky potions.
   613 | D:1      | 613 ||| DROPPING scroll of blinking.
   697 | D:2      | 697 ||| Stepping ~*~*~tactically~*~*~ (stealth).
   866 | D:2      | 866 ||| READING scroll labelled GUVVEZ TARUUFFEJ.
   886 | D:2      | 886 ||| STAIRDANCE
  1099 | D:2      | 1099 ||| Stepping ~*~*~tactically~*~*~ (hiding).
  1340 | D:2      | Reached XP level 4. HP: 28/28 MP: 4/4
  1349 | D:2      | Found a faded altar of an unknown god.
  1388 | D:2      | Found a runed translucent door.
  1389 | D:2      | Noticed Crazy Yiuf
  1606 | D:2      | 1606 ||| UPGRADING to ring of see invisible.
  1607 | D:2      | 1607 ||| READING 4 scrolls labelled UHI LYRULOUXU.
  1608 | D:2      | 1608 ||| READING scroll labelled KOSTRI KYULUHA IPP.
  1609 | D:2      | 1609 ||| DRINKING 2 yellow potions.
  1610 | D:2      | 1610 ||| DROPPING 3 scrolls of vulnerability.
  1719 | D:3      | 1719 ||| Stepping ~*~*~tactically~*~*~ (hiding).
  1722 | D:3      | 1722 ||| Stepping ~*~*~tactically~*~*~ (hiding).
  1741 | D:3      | Reached skill level 4 in Axes
  1864 | D:3      | Noticed a scorpion
  1873 | D:3      | Killed a scorpion
  1874 | D:3      | Reached XP level 5. HP: 32/32 MP: 5/5
  1890 | D:3      | Noticed Sigmund
  1907 | D:3      | Killed Sigmund
  1908 | D:3      | Reached skill level 6 in Axes
  1908 | D:3      | Reached XP level 6. HP: 27/37 MP: 6/6
  2044 | D:3      | 2044 ||| Stepping ~*~*~tactically~*~*~ (hiding).
  2045 | D:3      | 2045 ||| Stepping ~*~*~tactically~*~*~ (hiding).
  2325 | D:3      | 2325 ||| READING scroll labelled NUMAHI FUNIS.
  2388 | D:4      | Noticed a black bear
  2405 | D:4      | Killed a black bear
  2508 | D:4      | Found a staircase to the Ecumenical Temple.
  2509 | D:4      | 2509 ||| PLANNING TEMPLE
  2515 | Temple   | Entered the Ecumenical Temple
  2572 | Temple   | 2572 ||| PLANNING OKAWARU WORSHIP
  2688 | Temple   | Became a worshipper of Warmaster Okawaru
  2688 | Temple   | 2688 ||| PLANNING D:1-11
  2782 | D:4      | Reached skill level 1 in Dodging
  2782 | D:4      | Reached XP level 7. HP: 43/44 MP: 7/7
  2927 | D:4      | 2927 ||| Stepping ~*~*~tactically~*~*~ (stealth).
  2933 | D:4      | 2933 ||| Stepping ~*~*~tactically~*~*~ (hiding).
  3115 | D:4      | Found Ziteciw's General Store.
  3507 | D:4      | 3507 ||| READING scroll labelled VODAISK AQICIRGH.
  3508 | D:4      | 3508 ||| READING scroll labelled UDGHYA ZUDOIDU.
  3509 | D:4      | 3509 ||| READING scroll labelled QIVOOH CYEPA.
  3510 | D:4      | 3510 ||| READING 3 scrolls of identify.
  3510 | D:4      | 3510 ||| IDENTIFYING pink potion
  3511 | D:4      | 3511 ||| READING 2 scrolls of identify.
  3511 | D:4      | 3511 ||| IDENTIFYING bubbling dark potion
  3512 | D:4      | 3512 ||| DROPPING potion of invisibility.
  3580 | D:5      | Entered Level 5 of the Dungeon
  3648 | D:5      | 3648 ||| Stepping ~*~*~tactically~*~*~ (hiding).
  4003 | D:5      | 4003 ||| DRINKING 2 sedimented white potions.
  4004 | D:5      | 4004 ||| DRINKING 3 potions of curing.
  4004 | D:5      | 4004 ||| (to cure confusion)
  4005 | D:5      | 4005 ||| DROPPING potion of ambrosia.
  4009 | D:5      | 4009 ||| FLEEEEING.
  4010 | D:5      | 4010 ||| FLEEEEING.
  4012 | D:5      | 4012 ||| FLEEEEING.
  4013 | D:5      | 4013 ||| FLEEEEING.
  4014 | D:5      | 4014 ||| FLEEEEING.
  4015 | D:5      | 4015 ||| FLEEEEING.
  4016 | D:5      | 4016 ||| FLEEEEING.
  4017 | D:5      | 4017 ||| FLEEEEING.
  4018 | D:5      | 4018 ||| STAIRDANCE
  4022 | D:5      | 4022 ||| STAIRDANCE
  4028 | D:4      | Reached skill level 7 in Axes
  4053 | D:5      | 4053 ||| STAIRDANCE
  4057 | D:5      | 4057 ||| STAIRDANCE
  4061 | D:5      | 4061 ||| STAIRDANCE
  4065 | D:5      | 4065 ||| STAIRDANCE
  4069 | D:5      | 4069 ||| STAIRDANCE
  4073 | D:5      | 4073 ||| STAIRDANCE
  4077 | D:5      | 4077 ||| STAIRDANCE
  4081 | D:5      | 4081 ||| STAIRDANCE
  4085 | D:5      | 4085 ||| STAIRDANCE
  4089 | D:5      | 4089 ||| STAIRDANCE
  4093 | D:5      | 4093 ||| STAIRDANCE
  4097 | D:5      | 4097 ||| STAIRDANCE
  4101 | D:5      | 4101 ||| STAIRDANCE
  4105 | D:5      | 4105 ||| STAIRDANCE
  4109 | D:5      | 4109 ||| STAIRDANCE
  4113 | D:5      | 4113 ||| STAIRDANCE
  4117 | D:5      | 4117 ||| STAIRDANCE
  4121 | D:5      | 4121 ||| STAIRDANCE
  4219 | D:5      | Found a transporter.
  4219 | D:5      | Noticed qw's ghost (novice NaHu)
  4226 | D:5      | Found a transporter.
  4329 | D:4      | 4329 ||| BUYING +2 pair of gloves of hurling (215 gold).
  4329 | D:4      | Bought a +2 pair of gloves of hurling for 215 gold pieces
  4329 | D:4      | 4329 ||| UPGRADING to +2 pair of gloves of hurling.
  4410 | D:5      | 4410 ||| READING scroll labelled FUQICU ISSU.
  4411 | D:5      | 4411 ||| READING scroll labelled POCEF ISMOAN.
  4459 | D:6      | Reached * piety under Okawaru
  4499 | D:6      | 4499 ||| Stepping ~*~*~tactically~*~*~ (hiding).
  4500 | D:6      | 4500 ||| Stepping ~*~*~tactically~*~*~ (hiding).
  4501 | D:6      | 4501 ||| Stepping ~*~*~tactically~*~*~ (hiding).
  4502 | D:6      | 4502 ||| Stepping ~*~*~tactically~*~*~ (hiding).
  4507 | D:6      | 4507 ||| INVOKING Heroism.
  4508 | D:6      | 4508 ||| INVOKING Heroism.
  4512 | D:6      | Reached skill level 1 in Throwing
  4519 | D:6      | Reached skill level 1 in Invocations
  4519 | D:6      | Reached XP level 8. HP: 48/49 MP: 6/8
  4565 | D:6      | 4565 ||| DROPPING +0 club.
  4822 | D:6      | 4822 ||| INVOKING Heroism.
  5121 | D:6      | Noticed Prince Ribbit
  5122 | D:6      | 5122 ||| INVOKING Heroism.
  5134 | D:6      | Killed Prince Ribbit
  5135 | D:6      | Reached skill level 3 in Invocations
  5216 | D:6      | 5216 ||| Stepping ~*~*~tactically~*~*~ (hiding).
  5219 | D:6      | 5219 ||| Stepping ~*~*~tactically~*~*~ (hiding).
  5221 | D:6      | 5221 ||| INVOKING Heroism.
  5237 | D:6      | Reached skill level 8 in Axes
  5458 | D:6      | 5458 ||| UPGRADING to +0 helmet.
  5463 | D:6      | 5463 ||| UPGRADING to +0 chain mail.
  5473 | D:6      | 5473 ||| DROPPING +0 scale mail.
  5474 | D:6      | 5474 ||| UPGRADING to +0 plate armour.
  5484 | D:6      | 5484 ||| DROPPING +0 chain mail.
  5485 | D:6      | 5485 ||| DROPPING scarf of shadows.
  5592 | D:7      | Reached XP level 9. HP: 54/54 MP: 12/12
  5592 | D:7      | 5592 ||| Stepping ~*~*~tactically~*~*~ (stealth).
  5599 | D:7      | 5599 ||| Stepping ~*~*~tactically~*~*~ (stealth).
  5605 | D:7      | Reached skill level 6 in Fighting
  5625 | D:7      | 5625 ||| INVOKING Heroism.
  5659 | D:7      | 5659 ||| DROPPING +0 mace.
  5757 | D:7      | 5757 ||| Stepping ~*~*~tactically~*~*~ (stealth).
  5763 | D:7      | Found Hetiasys's Assorted Antiques.
  5766 | D:7      | 5766 ||| Stepping ~*~*~tactically~*~*~ (hiding).
  5767 | D:7      | 5767 ||| Stepping ~*~*~tactically~*~*~ (hiding).
  5879 | D:7      | 5879 ||| SHOPLISTING embroidered cloak (217 gold, have
                  | 160).
  5879 | D:7      | 5879 ||| BUYING encrusted granite ring (145 gold).
  5879 | D:7      | Bought an encrusted granite ring for 145 gold pieces
  5879 | D:7      | 5879 ||| SHOPLISTING scroll of identify (58 gold, have 15).
  5930 | D:7      | Found a flagged portal.
  6064 | D:7      | 6064 ||| UPGRADING to +5 ring of evasion.
  6066 | D:7      | 6066 ||| DRINKING 2 lumpy inky potions.
  6067 | D:7      | 6067 ||| READING 2 scrolls of identify.
  6067 | D:7      | 6067 ||| IDENTIFYING ruby potion
  6068 | D:7      | 6068 ||| DROPPING potion of degeneration.
  6093 | D:8      | 6093 ||| Stepping ~*~*~tactically~*~*~ (hiding).
  6097 | D:8      | 6097 ||| INVOKING Heroism.
  6248 | D:8      | 6248 ||| INVOKING Heroism.
  6253 | D:8      | Reached skill level 9 in Axes
  6480 | D:8      | Found a transporter.
  6495 | D:8      | Reached ** piety under Okawaru
  6496 | D:8      | Reached skill level 6 in Armour
  6684 | D:8      | Noticed qw's ghost (novice NaHu)
  6690 | D:8      | Found a transporter.
  6947 | D:8      | 6947 ||| INVOKING Heroism.
  6955 | D:8      | Reached XP level 10. HP: 56/63 MP: 10/13
  7025 | D:8      | 7025 ||| READING 3 scrolls of identify.
  7025 | D:8      | 7025 ||| IDENTIFYING bubbling clear potion
  7026 | D:8      | 7026 ||| READING 2 scrolls of identify.
  7026 | D:8      | 7026 ||| IDENTIFYING fuming green potion
  7027 | D:8      | 7027 ||| DROPPING potion of brilliance.
  7115 | D:9      | 7115 ||| Stepping ~*~*~tactically~*~*~ (hiding).
  7117 | D:9      | 7117 ||| Stepping ~*~*~tactically~*~*~ (hiding).
  7133 | D:9      | Reached skill level 10 in Axes
  7165 | D:9      | 7165 ||| READING scroll of brand weapon.
  7165 | D:9      | 7165 ||| BRANDING +1 war axe of freezing.
  7242 | D:9      | 7242 ||| Stepping ~*~*~tactically~*~*~ (stealth).
  7243 | D:9      | 7243 ||| Stepping ~*~*~tactically~*~*~ (stealth).
  7255 | D:9      | 7255 ||| Stepping ~*~*~tactically~*~*~ (stealth).
  7432 | D:9      | Found an ancient bone altar of Kikubaaqudgha.
  7516 | D:9      | Noticed Erolcha
  7517 | D:9      | 7517 ||| Stepping ~*~*~tactically~*~*~ (hiding).
  7518 | D:9      | 7518 ||| INVOKING Heroism.
  7519 | Abyss:1  | Cast into level 1 of the Abyss (Erolcha)
  7599 | Abyss:1  | 7599 ||| Stepping ~*~*~tactically~*~*~ (stealth).
  7618 | Abyss:1  | Noticed a wretched star
  7622 | Abyss:1  | 7622 ||| INVOKING Heroism.
  7637 | Abyss:1  | Killed a wretched star
  7651 | Abyss:1  | 7651 ||| INVOKING Heroism.
  7668 | Abyss:1  | Noticed a worldbinder
  7669 | Abyss:1  | 7669 ||| Stepping ~*~*~tactically~*~*~ (stealth).
  7721 | Abyss:1  | 7721 ||| Stepping ~*~*~tactically~*~*~ (stealth).
  7726 | Abyss:1  | 7726 ||| Stepping ~*~*~tactically~*~*~ (stealth).
  7731 | Abyss:1  | Noticed a large abomination
  7732 | Abyss:1  | 7732 ||| Stepping ~*~*~tactically~*~*~ (stealth).
  7733 | Abyss:1  | 7733 ||| Stepping ~*~*~tactically~*~*~ (stealth).
  7735 | Abyss:1  | 7735 ||| Stepping ~*~*~tactically~*~*~ (stealth).
  7737 | Abyss:1  | 7737 ||| Stepping ~*~*~tactically~*~*~ (stealth).
  7738 | Abyss:1  | 7738 ||| Stepping ~*~*~tactically~*~*~ (stealth).
  7746 | Abyss:1  | 7746 ||| INVOKING Heroism.
  7749 | Abyss:1  | HP: 8/44 [large abomination (14)]
  7750 | Abyss:1  | Slain by an ancient zyme

Levels and vault maps discovered:
D:1:      minmay_arrival_up_and_down, layout_basic
D:2:      layout_basic, hellmonk_ecumenical_altar_dog_temple, serial_curves,
          eino_curves_02, eino_curves_04, eino_curves_03, eino_curves_02,
          uniq_crazy_yiuf_cottage
D:3:      layout_basic, bh_walls_and_bars, uniq_sigmund
D:4:      layout_gridville, minmay_temple_entry_tees, serial_shops,
          nicolae_take_the_stairs
D:5:      layout_loops_ring, gammafunk_ghost_mausoleum
D:6:      layout_loops_corners, uniq_prince_ribbit1
D:7:      layout_cave_pools, enter_bailey_2, serial_shops, shop
D:8:      layout_basic, gammafunk_ghost_stat_death,
          hangedman_abyss_or_decor_stagger,
          nicolae_concentric_dashed_squares_wild, sigmund_army
D:9:      layout_cave_pools, lemuel_zombie_altar_kikubaaqudgha,
          nicolae_two_hexagons, uniq_erolcha
Temple:   nicolae_temple_bog_church
Abyss:1:  base:
D:9

Skill      XL: |  1  2  3  4  5  6  7  8  9 10 |
---------------+-------------------------------+-----
Axes           | 2 3 4 6 7 8 9 10 | 10.0
Fighting       | 4 5 7 8 |  8.0
Dodging        | 1 |  1.0
Throwing       | 1 |  1.0
Invocations    | 1 4 |  4.0
Armour         | 5 6 7 |  7.1
Shields        | 4 |  4.7

Action                     |  1- 3 |  4- 6 |  7- 9 | 10-12 || total
---------------------------+-------+-------+-------+-------++-------
  Melee: War axe           |   102 |    80 |   208 |   105 ||   495
  Throw: Boomerang         |    39 |    32 |    56 |    21 ||   148
 Invoke: Heroism           |       |       |     8 |     4 ||    12
    Use: Scroll            |     4 |     3 |     8 |     3 ||    18
         Potion            |     1 |     1 |     3 |       ||     5
 Armour: Scale mail        |    55 |    49 |    41 |       ||   145
         Plate armour      |       |       |    70 |    65 ||   135
  Dodge: Dodged            |    40 |    41 |    91 |    61 ||   233
  Block: Buckler           |    12 |    11 |    37 |    21 ||    81

Table legend:
 A = Non-vault XP
 B = Vault XP
 C = Vault XP percentage of total XP
 D = Non-vault monster count
 E = Vault monster count
 F = Vault count percentage of total count
                 A         B        C        D         E       F
            +---------+---------+-------+---------+---------+-------
      Total |    5748 |     557 |   8.8 |     143 |      13 |   8.3
            +---------+---------+-------+---------+---------+-------
        D:1 |      44 |       0 |   0.0 |      24 |       0 |   0.0
        D:2 |      38 |       8 |  17.4 |      20 |       4 |  16.7
        D:3 |     118 |     247 |  67.7 |      12 |       1 |   7.7
        D:4 |     267 |       0 |   0.0 |      10 |       0 |   0.0
        D:5 |     232 |       0 |   0.0 |      10 |       0 |   0.0
        D:6 |     800 |     283 |  26.1 |      15 |       1 |   6.2
        D:7 |     644 |       0 |   0.0 |      14 |       0 |   0.0
        D:8 |    1957 |      15 |   0.8 |      20 |       5 |  20.0
        D:9 |     519 |       4 |   0.8 |      12 |       2 |  14.3
    Abyss:1 |    1129 |       0 |   0.0 |       6 |       0 |   0.0
            +---------+---------+-------+---------+---------+-------
